Map: Efflorescence LE

Players

OpuS

  • Race: Protoss Protoss
  • League: Platinum
  • Spawn Location: 3:00

Sketchaphone

  • Race: Zerg Zerg
  • League: Platinum
  • Spawn Location: 12:00

Pants

  • Race: Terran Terran
  • Spawn Location: 6:00

McTiger

  • Race: Zerg Zerg
  • League: Diamond
  • Spawn Location: 9:00

VOD

Have the link to the VOD?

Description

Time

  • Played on: Feb. 18, 2019, 11:44 a.m.
  • Length: 12:13
Show
View Real Time Build Order
Export as new Build Order

OpuS Protoss 

Build Orders:  

Get SALT Encoding   

  12  0:01  Probe  
  13  0:13  Probe  
  14  0:19  Pylon  
  14  0:25  Probe  
  15  0:38  Gateway  
  15  0:41  Probe  
  16  0:50  Probe, Assimilator  
  16  0:55  Assimilator  
  17  0:58  Probe  
  18  1:10  Probe  
  18  1:11  Gateway  
  19  1:22  Probe  
  20  1:28  Cybernetics Core  
  20  1:39  Pylon  
  20  1:40  Probe  
  21  1:49  Probe  
  22  1:57  Probe  
  23  2:05  Stalker  
  23  2:06  Stalker  
  27  2:11  Warp Gate  
  26  2:17  Probe  
  26  2:20  Pylon  
  27  2:31  Robotics Facility  
  27  2:36  Stalker  
  29  2:44  Pylon  
  29  2:58  Pylon  
  29  3:02  Gateway  
  29  3:07  Stalker  
  29  3:09  Probe  
  32  3:18  Probe, Observer  
  33  3:26  Probe  
  34  3:29  Immortal  
  39  3:58  Nexus  
  39  4:04  Pylon  
  39  4:23  Stalker x2  
  43  4:26  Stalker  
  45  4:36  Probe  
  46  4:48  Probe  
  47  5:00  Probe  
  47  5:05  Immortal  
  47  5:06  Stalker  
  54  5:11  Forge  
  54  5:13  Probe  
  55  5:23  Stalker x2  
  55  5:45  Immortal  
  55  5:49  Stalker x2  
  51  5:51  Probe  
  52  6:08  Stalker  
  52  6:10  Probe x2  
  56  6:12  Stalker  
  56  6:14  Stalker  
  60  6:22  Photon Cannon  
  60  6:24  Probe x2  
  61  6:39  Probe x2  
  63  6:43  Twilight Council  
  63  6:51  Immortal  
  63  6:52  Probe x2  
  69  7:09  Protoss Ground Weapons Level 1  
  69  7:10  Stalker  
  69  7:11  Stalker x2  
  69  7:12  Probe x2  
  69  7:14  Blink  
  77  7:33  Probe  
  78  7:37  Pylon  
  78  7:40  Pylon  
  78  7:55  Probe  
  73  8:05  Robotics Bay  
  67  8:19  Stargate  
  67  8:22  Gateway  
  67  8:23  Gateway  
  67  8:27  Probe, Gateway  
  67  8:28  Probe  
  67  8:30  Assimilator  
  69  8:34  Gateway  
  69  8:35  Assimilator  
  69  8:40  Probe  
  70  8:43  Stalker x2  
  70  8:48  Nexus  
  74  8:51  Pylon  
  74  8:58  Immortal  
  74  8:59  Probe x2  
  80  9:10  Zealot x3  
  86  9:23  Phoenix  
  88  9:26  Stalker  
  88  9:28  Stalker  
  92  9:32  Probe  
  92  9:33  Probe  
  92  9:37  Observer  
  95  9:44  Probe  
  95  9:45  Probe  
  90  9:59  Charge  
  90  10:01  Zealot x2  
  94  10:07  Pylon  
  94  10:09  Pylon  
  94  10:11  Pylon  
  94  10:21  Colossus  
  86  10:37  Nexus  
  67  10:50  Pylon  
  67  11:00  Zealot  
  67  11:01  Zealot x5  
  67  11:02  Zealot  
  81  11:08  Colossus  
  81  11:38  Zealot x3  
  81  11:39  Zealot x3  
  93  11:40  Zealot  
  85  11:49  Probe x2  
  80  11:59  Stalker  
  80  12:00  Stalker x4  
  85  12:01  Probe  
Show
View Real Time Build Order
Export as new Build Order

Sketchaphone Zerg 

Build Orders: Hatch First 

Get SALT Encoding   

  12  0:01  Drone  
  13  0:13  Overlord  
  13  0:20  Drone  
  14  0:23  Extractor  
  14  0:26  Drone  
  15  0:34  Drone  
  16  0:38  Drone  
  17  0:56  Hatchery  
  16  1:00  Drone  
  16  1:03  Drone  
  18  1:06  Extractor  
  17  1:20  Spawning Pool  
  17  1:22  Drone  
  17  1:30  Drone  
  17  1:31  Drone  
  19  1:39  Overlord  
  19  1:50  Drone  
  20  2:06  Drone  
  20  2:07  Metabolic Boost  
  21  2:08  Queen  
  21  2:14  Queen  
  25  2:23  Zergling x2  
  25  2:26  Drone  
  25  2:27  Drone  
  28  2:37  Roach Warren  
  28  2:41  Drone x2  
  29  2:44  Drone  
  29  2:51  Overlord  
  30  3:01  Overlord  
  30  3:03  Drone x2  
  32  3:18  Drone  
  33  3:22  Roach x3  
  33  3:23  Roach  
  41  3:29  Drone  
  41  3:32  Overlord  
  42  3:42  Spine Crawler, Roach x2  
  45  3:52  Roach x2  
  49  4:03  Drone x2  
  49  4:04  Drone x3  
  49  4:08  Overlord  
  49  4:09  Overlord  
  54  4:17  Evolution Chamber, Drone x2  
  56  4:21  Pneumatized Carapace  
  57  4:38  Zergling x16  
  62  4:59  Zerg Melee Weapons Level 1  
  62  5:02  Drone x5  
  67  5:10  Spine Crawler  
  66  5:27  Roach x5  
  60  5:55  Roach  
  60  5:59  Hatchery  
  45  6:28  Roach Warren  
  45  6:30  Evolution Chamber  
  45  6:31  Extractor  
  45  6:32  Evolution Chamber, Extractor  
  40  6:40  Zergling x10  
  45  6:47  Drone  
  46  7:28  Zergling x12  
  52  7:30  Hatchery, Zerg Ground Armor Level 1  
  51  7:37  Hatchery x2  
  49  7:47  Zergling x2  
  49  7:48  Zergling x2  
  51  7:53  Ravager  
  51  7:54  Ravager  
  48  8:15  Roach x4  
  56  8:26  Lair  
  56  8:27  Zergling x2  
  57  8:37  Roach  
  59  8:48  Queen  
  61  8:50  Queen  
  61  8:52  Zergling x2  
  61  8:53  Zergling x6  
  67  8:55  Drone x2  
  58  9:27  Zergling x12  
  58  9:28  Zergling x6  
  59  9:37  Roach x2  
  63  9:53  Spawning Pool  
  62  10:09  Roach  
  62  10:15  Ravager x2  
  51  10:44  Roach  
  51  10:45  Roach x6  
  40  10:57  Zergling x4  
  38  11:08  Zergling x8  
  7  11:19  Zergling x2  
  3  11:33  Zergling x2  
Show
View Real Time Build Order
Export as new Build Order

Pants Terran 

Build Orders:  

Get SALT Encoding   

  12  0:01  SCV  
  13  0:13  SCV  
  14  0:18  Supply Depot  
  14  0:25  SCV  
  15  0:30  Refinery  
  15  0:40  SCV  
  16  0:46  Barracks  
  16  0:52  SCV  
  17  1:04  SCV  
  18  1:18  SCV  
  20  1:36  Reaper  
  20  1:39  Orbital Command  
  20  1:49  Command Center  
  20  1:58  Factory  
  20  2:05  SCV  
  21  2:08  Barracks Reactor  
  21  2:19  Supply Depot  
  21  2:21  SCV  
  21  2:22  Refinery  
  22  2:33  SCV  
  23  2:45  SCV  
  23  2:48  Starport  
  24  2:58  Hellion x2, Marine, SCV  
  29  3:04  Orbital Command  
  30  3:17  Barracks Tech Lab  
  30  3:22  Hellion x2  
  34  3:34  SCV  
  35  3:40  SCV  
  36  3:43  Banshee, Hellion  
  36  3:45  Barracks Tech Lab  
  41  3:52  Supply Depot  
  41  3:55  SCV  
  42  3:57  SCV  
  43  4:05  Marauder, Stimpack  
  43  4:07  SCV  
  46  4:14  SCV  
  47  4:18  Supply Depot  
  47  4:19  Factory Reactor  
  47  4:21  SCV  
  48  4:25  Supply Depot  
  48  4:27  SCV  
  49  4:33  Raven, SCV  
  52  4:48  SCV  
  52  4:49  Supply Depot  
  52  4:52  SCV  
  55  4:55  Command Center  
  55  4:59  Widow Mine x2  
  54  5:01  Marauder  
  54  5:02  SCV  
  54  5:06  Barracks  
  56  5:08  Barracks  
  55  5:17  SCV  
  55  5:18  SCV  
  57  5:29  SCV  
  57  5:30  SCV  
  51  5:48  Banshee, Marine  
  51  5:50  Widow Mine x2  
  51  5:53  SCV x2  
  51  5:55  Refinery  
  51  5:57  Barracks Reactor, Refinery  
  51  5:58  Barracks Reactor  
  51  5:59  Barracks  
  51  6:00  Barracks  
  51  6:05  Marine, SCV  
  51  6:10  SCV  
  54  6:19  SCV  
  54  6:22  Orbital Command  
  54  6:23  Marine  
  56  6:33  Engineering Bay  
  56  6:35  Engineering Bay  
  56  6:37  SCV x2  
  56  6:38  Marine x2  
  56  6:39  Marine, Supply Depot  
  61  6:41  Marine  
  61  6:42  Widow Mine x2  
  61  6:45  Marine  
  67  6:48  SCV  
  67  6:51  Bunker  
  67  6:52  Barracks Reactor  
  67  6:53  Barracks Reactor  
  68  6:56  Marine  
  68  6:57  SCV x2  
  68  6:59  Combat Shield, Marine  
  68  7:01  Medivac x2  
  76  7:08  SCV  
  77  7:09  Marine x3  
  77  7:13  Widow Mine x2  
  77  7:14  Marine  
  85  7:19  SCV x2  
  85  7:20  SCV  
  88  7:23  Marine  
  88  7:25  Supply Depot  
  88  7:26  Terran Infantry Weapons Level 1, Terran Infantry Armor Level 1, Supply Depot  
  88  7:27  Marine  
  90  7:31  Medivac x2, Marine x5  
  90  7:34  Widow Mine  
  101  7:39  Supply Depot  
  101  7:40  Supply Depot  
  101  7:44  SCV  
  101  7:45  SCV  
  101  7:46  Widow Mine, SCV  
  101  7:58  Refinery  
  100  8:02  Refinery  
  97  8:12  SCV x3  
  96  8:14  Marine x2  
  96  8:18  Supply Depot  
  98  8:20  Supply Depot x2  
  98  8:21  Armory  
  98  8:24  SCV x3  
  101  8:29  Medivac x2  
  101  8:30  Marine x2  
  107  8:43  Marine x4  
  107  8:44  Marauder, Marine  
  107  8:46  Widow Mine x2  
  118  8:51  Factory, Supply Depot  
  118  8:53  Factory  
  118  8:56  Barracks, Missile Turret  
  118  8:57  Barracks x2, Missile Turret  
  118  8:58  Barracks, SCV x2  
  118  8:59  SCV  
  118  9:02  Missile Turret  
  121  9:05  Sensor Tower  
  119  9:25  Terran Infantry Weapons Level 2, Marauder, Marine x4, Terran Infantry Armor Level 2  
  119  9:26  Marine  
  119  9:29  Widow Mine x2  
  130  9:41  Marine x3  
  133  9:47  Marauder  
  135  9:58  Marine x4  
  139  10:01  Factory Tech Lab x2  
  139  10:02  Widow Mine  
  139  10:05  Starport  
  141  10:07  Fusion Core  
  133  10:35  Medivac, Widow Mine  
  133  10:36  Medivac  
  133  10:37  Marauder  
  133  10:38  Marine x4  
  127  10:45  Fusion Core, Marine x2  
  127  10:46  Marine x2  
  127  10:49  Starport Tech Lab  
  121  10:58  Marauder, Marine x4  
  121  11:01  Barracks Tech Lab x3  
  121  11:02  Marine  
  121  11:03  Marine, Widow Mine  
  121  11:04  Widow Mine x2  
  133  11:12  Marine x2, Liberator  
  133  11:14  Marine  
  133  11:16  Marine  
  133  11:21  Marine x2  
  133  11:24  Marine x2  
  133  11:26  Marine, Supply Depot  
  133  11:27  Supply Depot x2  
  133  11:28  Marauder  
  131  11:33  Widow Mine  
  133  11:47  Marine  
  133  11:48  Widow Mine  
  133  11:49  Marauder  
  146  11:55  Marine x5  
Show
View Real Time Build Order
Export as new Build Order

McTiger Zerg 

Build Orders: Hatch First, Roach Nydus 

Get SALT Encoding   

  12  0:01  Drone  
  13  0:14  Overlord  
  13  0:17  Drone  
  14  0:32  Drone x2  
  16  0:53  Hatchery  
  16  0:55  Drone  
  16  0:57  Drone  
  17  1:12  Spawning Pool  
  17  1:15  Drone  
  17  1:19  Drone  
  17  1:22  Drone  
  19  1:33  Extractor  
  19  1:38  Drone  
  19  1:44  Overlord  
  19  2:03  Drone x2  
  19  2:04  Queen  
  19  2:05  Queen  
  25  2:14  Zergling x4  
  27  2:19  Drone  
  28  2:23  Drone  
  29  2:30  Drone  
  29  2:35  Drone  
  31  2:37  Drone  
  32  2:45  Lair, Queen  
  32  2:47  Overlord  
  34  2:57  Drone x2  
  36  3:23  Drone x2  
  36  3:24  Drone x6  
  44  3:29  Extractor  
  44  3:31  Roach Warren  
  42  3:38  Overlord x2  
  42  3:39  Overlord  
  41  3:56  Queen  
  41  3:57  Drone  
  44  4:03  Drone x4  
  44  4:04  Nydus Network, Drone  
  44  4:07  Queen  
  50  4:10  Roach  
  50  4:12  Roach  
  54  4:25  Roach x3  
  60  4:38  Overlord x2  
  60  4:58  Roach x6  
  60  4:59  Roach x2  
  76  5:02  Nydus Canal  
  76  5:13  Overlord x3  
  76  5:29  Nydus Canal  
  72  5:40  Roach x5  
  77  6:04  Drone  
  77  6:05  Drone x4  
  77  6:10  Drone x2  
  76  6:31  Hatchery  
  67  6:40  Extractor  
  67  6:42  Extractor  
  67  6:46  Spore Crawler  
  64  6:48  Spore Crawler, Drone x3  
  64  6:50  Nydus Canal  
  64  6:51  Overlord x2  
  66  6:59  Hydralisk Den  
  66  7:00  Evolution Chamber  
  62  7:01  Roach  
  62  7:02  Roach x9  
  62  7:05  Overlord, Queen x2  
  82  7:20  Drone x3  
  85  7:37  Zerg Missile Weapons Level 1  
  85  7:38  Muscular Augments, Hydralisk x6  
  97  7:52  Nydus Canal  
  97  8:13  Queen, Drone x3  
  97  8:15  Spore Crawler  
  97  8:17  Spine Crawler, Overseer  
  100  8:20  Hydralisk  
  100  8:21  Hydralisk x6  
  100  8:25  Zergling x2  
  115  8:31  Overseer  
  115  8:34  Nydus Canal  
  115  8:38  Overlord x3  
  115  8:39  Drone x6  
  121  8:42  Drone  
  122  8:49  Grooved Spines  
  122  8:58  Drone x3  
  122  8:59  Drone x6  
  122  9:02  Nydus Canal  
  131  9:14  Infestation Pit  
  131  9:15  Extractor x2  
  128  9:23  Nydus Canal  
  122  9:24  Overlord x2, Hydralisk  
  122  9:25  Hydralisk x5  
  134  9:37  Drone x5  
  139  9:52  Nydus Canal  
  139  9:57  Zerg Missile Weapons Level 2  
  139  9:58  Hive  
  139  10:07  Spire  
  137  10:28  Overlord x2  
  137  10:34  Nydus Canal  
  137  10:36  Hydralisk  
  137  10:37  Roach  
  137  10:38  Roach x15  
  149  11:03  Roach x2  
  153  11:08  Roach x2  
  157  11:19  Nydus Canal  
  157  11:20  Drone x3  
  157  11:21  Drone x3  
  153  11:57  Nydus Canal  
  153  12:04  Hatchery  
  152  12:11  Hatchery  
Tags
 
Add a new tag
Caveats
  • Supply blocks, unpowered buildings, or Contaminate may cause inaccurate times.
  • Supply counts are checked every 10 seconds.